 Dungeon Crawl Stone Soup version 0.22.1-7-g5c428e7 (webtiles) character file.

6047 misha the Basher (level 10, -2/88 (89) HPs)
             Began as a Minotaur Fighter on Feb 24, 2019.
             Was a Follower of Uskayaw.
             Slain by a water moccasin (6 damage)
             ... on level 1 of the Lair of Beasts.
             The game lasted 00:43:36 (10783 turns).

misha the Basher (Minotaur Fighter)                Turns: 10783, Time: 00:43:40

HP:   -2/88 (89)    AC: 12    Str: 23    XL:     10   Next: 57%
MP:   6/9           EV: 11    Int:  5    God:    Uskayaw [*.....]
Gold: 9             SH: 12    Dex: 11    Spells: 9/9 levels left

rFire    + . .     SeeInvis .   b - +1 whip (freeze)
rCold    . . .     Gourm    .   c - +0 shield
rNeg     . . .     Faith    .   f - +2 ring mail {rC+}
rPois    +         Spirit   .   (helmet restricted)
rElec    .         Reflect  .   o - +2 cloak {rPois}
rCorr    .         Harm     .   (no gloves)
MR       +....                  (no boots)
Stlth    +.........             z - amulet of inaccuracy (curse)
HPRegen  0.24/turn              k - ring of protection from magic
MPRegen  0.11/turn              D - ring of fire

@: about to teleport, starving
A: retaliatory headbutt, horns 2
a: Stomp, Renounce Religion


You were on level 1 of the Lair of Beasts.
You worshipped Uskayaw.
Uskayaw was noncommittal.
You were starving.

You visited 3 branches of the dungeon, and saw 10 of its levels.

You collected 309 gold pieces.
You spent 300 gold pieces at shops.

Inventory:

Hand Weapons
 a - a +0 flail
 b - a +1 whip of freezing (weapon)
 q - the +4 short sword of Cheibriados's Envy {drain, rElec rF+ rC- Dex+7, unknown}
   (You found it on level 8 of the Dungeon)

   A truly terrible weapon, it drains the life of those it strikes.
   It affects your dexterity (+7).
   It protects you from fire.
   It makes you vulnerable to cold.
   It insulates you from electricity.
 r - a +2 quarterstaff of chaos
 u - a +6 hunting sling of freezing
Armour
 c - a +0 shield (worn)
 f - a +2 ring mail of cold resistance (worn)
 o - a +2 cloak of poison resistance (worn)
Jewellery
 k - a ring of protection from magic (left hand)
 p - the ring of Thoughtfulness {Ice rN+ Str+5 Int+3 Slay+2}
   (You found it on level 5 of the Dungeon)

   [ring of ice]

   It enhances your ice magic.
   It affects your strength (+5).
   It affects your intelligence (+3).
   It affects your accuracy and damage with ranged weapons and melee attacks
   (+2).
   It makes you vulnerable to fire.
   It protects you from cold.
   It protects you from negative energy.
 z - a cursed amulet of inaccuracy (around neck)
 D - a ring of fire (right hand)
Wands
 l - a wand of acid (7)
 t - a wand of disintegration (10)
 x - a wand of digging (10)
Scrolls
 y - 2 scrolls of remove curse
 A - a scroll of magic mapping {unknown}
 B - a scroll of teleportation
Potions
 d - a potion of might
 e - 2 potions of invisibility
 g - 2 potions of degeneration
 h - 2 potions of berserk rage
 i - 3 potions of curing
 j - 3 potions of lignification {unknown}
 m - a potion of haste {unknown}
 n - a potion of cancellation {unknown}
 s - a potion of flight {unknown}
 v - 2 potions of brilliance {unknown}
 w - a potion of heal wounds
Comestibles
 C - 2 rations


   Skills:
 + Level 8.3 Fighting
 + Level 11.4 Maces & Flails
 + Level 9.3 Armour
 - Level 2.1 Dodging
 - Level 0.5 Stealth
 + Level 10.6 Shields
 - Level 0.3 Evocations


You had 9 spell levels left.
You didn't know any spells.
Your spell library contained the following spells:

 Spells                   Type           Power        Failure   Level  Hunger
 Animate Skeleton         Necr           N/A          80%         1    ##.....
 Apportation              Tloc           #.....       80%         1    ##.....
 Beastly Appendage        Tmut           #.....       80%         1    ##.....
 Confusing Touch          Hex            #.....       80%         1    ##.....
 Summon Small Mammal      Summ           #...         80%         1    ##.....
 Call Imp                 Summ           #.......     90%         2    ###....
 Sticks to Snakes         Tmut           #.......     90%         2    ###....
 Call Canine Familiar     Summ           #.......     99%         3    ####...
 Spider Form              Tmut/Pois      #.........   99%         3    ####...
 Summon Guardian Golem    Hex/Summ       #.......     99%         3    ####...
 Ice Form                 Ice/Tmut       #.......     100%        4    #####..
 Summon Ice Beast         Ice/Summ       #.......     100%        4    #####..
 Summon Lightning Spire   Summ/Air       #.......     100%        4    #####..
 Blade Hands              Tmut           #.........   100%        5    ######.


Dungeon Overview and Level Annotations

Branches:
Dungeon (8/15)             Temple (1/1) D:6            Lair (1/6) D:8

Altars:
Ashenzari
Cheibriados
Dithmenos
Elyvilon
Fedhas
Gozag
Hepliaklqana
Kikubaaqudgha
Makhleb
Nemelex Xobeh
Okawaru
Qazlal
Sif Muna
Trog
Uskayaw
Vehumet
Wu Jian
Xom
Yredelemnul
Zin
The Shining One

Shops:
D:8 =


Innate Abilities, Weirdness & Mutations

You reflexively headbutt those who attack you in melee.
You have a pair of horns on your head.


Message History

You hit the porcupine. You freeze the porcupine.
You kill the porcupine!
The wolf bites you.
* * * LOW HITPOINT WARNING * * *
The water moccasin bites you but does no damage.
You block the komodo dragon's attack. You block the wolf's attack.
You block the komodo dragon's attack. The komodo dragon bites you.
* * * LOW HITPOINT WARNING * * *
The water moccasin bites you!
* * * LOW HITPOINT WARNING * * *
The wolf bites you.
* * * LOW HITPOINT WARNING * * *
As you read the scroll of teleportation, it crumbles to dust.
You feel strangely unstable. You block the wolf's attack.
You block the water moccasin's attack. The wolf bites you but does no damage.
The komodo dragon bites you.
* * * LOW HITPOINT WARNING * * *
The water moccasin bites you.
You die...

............##.####### ##..
..#............##.##.# ##....
....................## ###.#...
....................######.......
..#.....................##.......
.................................
.................................
.............†.ll...............#
..............rS@..#............#
#......#.......h..P............##
..###P........#.................#
......P#####.##.............#.###
####..## ####.#...........### ##.
####..........#.##. ##
................ ........<......
..............


You could see 2 komodo dragons, a water moccasin, a wolf and a porcupine.

Vanquished Creatures
  A two-headed ogre (D:7)
  Pikel (D:6)
  Joseph (D:7)
  Grinder (D:3)
  A human (D:8)
  A steam dragon (D:7)
  A hungry ghost (D:8)
  3 wargs
  A water moccasin (Lair:1)
  A porcupine (Lair:1)
  2 ice beasts
  3 sky beasts
  3 black bears
  A necrophage (D:8)
  A slave (D:6)
  2 centaurs
  A crocodile (Lair:1)
  4 ogres
  A big kobold (D:8)
  6 bullfrogs
  A wyvern zombie (D:7)
  4 scorpions
  A jelly (D:5)
  A howler monkey (D:5)
  3 crimson imps
  A bullfrog zombie (D:7)
  Crazy Yiuf (D:2)
  3 hounds
  A centaur skeleton (D:5)
  3 orc priests
  A bullfrog skeleton (D:7)
  5 iguanas
  8 orc wizards
  Natasha (twice) (D:3)
  6 worker ants
  A hound skeleton (D:4)
  A howler monkey skeleton (D:5)
  4 gnolls
  14 adders
  3 shadow imps
  2 adder zombies
  3 adder skeletons
  3 worms
  4 dart slugs
  7 leopard geckos
  26 orcs
  9 giant cockroaches
  4 hobgoblins
  6 jackals
  4 quokkas
  2 ball pythons
  6 bats
  7 frilled lizards
  10 goblins
  A jackal skeleton (D:7)
  8 kobolds
  A quokka skeleton (D:5)
  8 rats
  A plant (D:8)
212 creatures vanquished.

Vanquished Creatures (others)
  A crimson imp (D:6)
  3 jackals (D:6)
  A plant (Lair:1)
5 creatures vanquished.

Grand Total: 217 creatures vanquished

Notes
Turn   | Place    | Note
-------+----------+-------------------------------------------
     0 | D:1      | misha the Minotaur Fighter began the quest for the Orb.
     0 | D:1      | Reached XP level 1. HP: 19/19 MP: 0/0
   175 | D:1      | Reached XP level 2. HP: 27/27 MP: 1/1
   834 | D:2      | Reached XP level 3. HP: 25/33 MP: 2/2
  1060 | D:2      | Found a runed door.
  1103 | D:2      | Reached skill level 3 in Maces & Flails
  1112 | D:2      | Reached XP level 4. HP: 40/40 MP: 3/3
  1638 | D:2      | Noticed Crazy Yiuf
  1643 | D:2      | Killed Crazy Yiuf
  1643 | D:2      | Reached skill level 1 in Dodging
  1643 | D:2      | Reached skill level 5 in Shields
  2063 | D:3      | Reached XP level 5. HP: 46/46 MP: 4/4
  2219 | D:3      | Found a bloodstained altar of Trog.
  2226 | D:3      | Found a shattered altar of Ashenzari.
  2226 | D:3      | Found a radiant altar of Vehumet.
  2227 | D:3      | Found a blossoming altar of Fedhas.
  2229 | D:3      | Found a burning altar of Makhleb.
  2334 | D:3      | Noticed Natasha
  2344 | D:3      | Killed Natasha
  2543 | D:3      | Reached skill level 4 in Maces & Flails
  2594 | D:3      | Reached skill level 5 in Armour
  2733 | D:3      | Noticed Natasha
  2740 | D:3      | Killed Natasha
  2740 | D:3      | Reached XP level 6. HP: 52/52 MP: 5/5
  2771 | D:3      | Noticed Grinder
  2788 | D:3      | Killed Grinder
  2788 | D:3      | Reached skill level 5 in Maces & Flails
  3495 | D:4      | Reached XP level 7. HP: 60/60 MP: 6/6
  3638 | D:4      | Reached skill level 6 in Maces & Flails
  4308 | D:5      | Entered Level 5 of the Dungeon
  4625 | D:5      | Reached skill level 7 in Maces & Flails
  4625 | D:5      | Reached XP level 8. HP: 59/67 MP: 7/7
  4637 | D:5      | Reached skill level 5 in Fighting
  5094 | D:5      | Got a slimy bronze ring
  5167 | D:5      | Reached skill level 8 in Maces & Flails
  5810 | D:6      | Found a staircase to the Ecumenical Temple.
  6485 | D:6      | Noticed Pikel
  6537 | D:6      | Killed Pikel
  6537 | D:6      | Reached skill level 9 in Maces & Flails
  6537 | D:6      | Reached XP level 9. HP: 74/74 MP: 8/8
  6611 | Temple   | Entered the Ecumenical Temple
  6724 | Temple   | Became a worshipper of Uskayaw the Reveler
  6894 | D:6      | Reached * piety under Uskayaw
  6949 | D:6      | Reached ** piety under Uskayaw
  7033 | D:6      | Found an iron altar of Okawaru.
  7267 | D:6      | Reached *** piety under Uskayaw
  7546 | D:7      | Noticed Joseph
  7562 | D:7      | Killed Joseph
  7562 | D:7      | Reached skill level 10 in Maces & Flails
  7562 | D:7      | Reached **** piety under Uskayaw
  7709 | D:7      | Found a burning altar of Makhleb.
  7772 | D:7      | Noticed a two-headed ogre
  7782 | D:7      | Killed a two-headed ogre
  7925 | D:7      | Found a deep blue altar of Sif Muna.
  8214 | D:7      | Reached XP level 10. HP: 73/86 MP: 9/9
  8429 | D:7      | Reached skill level 10 in Shields
  8479 | D:7      | Identified the ring of Thoughtfulness {Ice rN+ Str+5 Int+3
                  | Slay+2} (You found it on level 5 of the Dungeon)
  8955 | D:8      | Found Humnis's Jewellery Shoppe.
  9014 | D:8      | Found a staircase to the Lair.
  9508 | D:8      | Reached skill level 11 in Maces & Flails
  9618 | D:8      | Found a shadowy altar of Dithmenos.
  9638 | D:8      | Got an ivory short sword
 10592 | D:8      | Bought an uncursed ring of fire for 300 gold pieces
 10631 | Lair:1   | Entered Level 1 of the Lair of Beasts
 10783 | Lair:1   | HP: 4/88 [komodo dragon (4)]
 10783 | Lair:1   | Slain by a water moccasin

Skill      XL: |  1  2  3  4  5  6  7  8  9 10 |
---------------+-------------------------------+-----
Shields        | 4 5 6 7 8 9 10 | 10.6
Armour         | 4 5 6 7 8 9 |  9.3
Maces & Flails | 3 4 5 7 9 10 11 | 11.4
Fighting       | 4 5 7 8 |  8.3
Dodging        | 1 2 |  2.1
Stealth        | |  0.5
Evocations     | |  0.3

Action                   |  1- 3 |  4- 6 |  7- 9 | 10-12 || total
-------------------------+-------+-------+-------+-------++-------
Melee: Flail             |    88 |   156 |   213 |       ||   457
       Headbutt          |    14 |    26 |    62 |    38 ||   140
       Whip              |       |       |   111 |   219 ||   330
Invok: Stomp             |       |       |       |     2 ||     2
Evoke: Wand              |       |       |     5 |       ||     5
  Use: Scroll            |       |       |    12 |     4 ||    16
 Stab: Paralysed         |       |       |     4 |     1 ||     5
  Eat: Ration            |       |     2 |     3 |     2 ||     7
       Chunk             |       |     1 |     4 |     2 ||     7
Armor: Scale mail        |    61 |    14 |       |       ||    75
       Ring mail         |       |    44 |   123 |    56 ||   223
Dodge: Dodged            |    42 |    61 |   112 |    57 ||   272
Block: Shield            |    74 |    91 |   173 |    94 ||   432
